Map: Magannatha LE

Players

Rogue

  • Race: Zerg Zerg
  • Spawn Location: 11:00

Classic - Winner!

  • Race: Protoss Protoss
  • Spawn Location: 5:00

Event: Esports World Cup 2025

VOD

Have the link to the VOD?

Description

Time

  • Played on: July 22, 2025, 11:39 a.m.
  • Length: 10:10

All games in this series

Show
View Real Time Build Order
Export as new Build Order

Rogue Zerg 

Build Orders: Hatch First 

Get SALT Encoding   

  12  0:00  Drone  
  13  0:08  Drone  
  14  0:15  Drone, Extractor  
  15  0:22  Overlord  
  15  0:42  Drone  
  16  0:45  Hatchery  
  16  0:49  Drone  
  16  0:52  Drone  
  16  0:56  Drone  
  18  1:06  Extractor  
  17  1:12  Spawning Pool  
  17  1:14  Drone  
  17  1:17  Drone  
  18  1:26  Drone  
  19  1:38  Drone  
  20  1:48  Drone  
  21  1:59  Queen x2  
  21  2:00  Zergling x2  
  26  2:02  Overlord  
  26  2:10  Drone x2  
  26  2:12  Metabolic Boost  
  28  2:21  Zergling x2  
  29  2:23  Drone  
  30  2:35  Queen  
  32  2:42  Hatchery  
  31  2:44  Overlord  
  31  2:47  Drone  
  31  2:49  Drone  
  31  2:51  Drone  
  34  2:54  Drone  
  34  2:55  Drone  
  36  3:08  Drone  
  36  3:09  Drone x3  
  36  3:10  Drone x2  
  36  3:11  Drone  
  42  3:14  Overlord  
  42  3:17  Drone  
  42  3:18  Drone  
  44  3:27  Spore Crawler  
  44  3:30  Drone  
  44  3:31  Overlord  
  44  3:39  Spore Crawler  
  43  3:41  Queen x2  
  43  3:46  Zergling x6  
  51  3:48  Zergling x2  
  51  3:52  Drone  
  51  3:53  Drone  
  51  3:54  Drone x2  
  55  3:59  Drone x3  
  58  4:05  Evolution Chamber  
  57  4:10  Drone  
  57  4:13  Spore Crawler  
  57  4:14  Overlord  
  57  4:15  Drone x4  
  61  4:18  Drone x2  
  61  4:22  Drone  
  61  4:23  Drone  
  65  4:26  Overlord  
  65  4:29  Drone  
  65  4:30  Drone  
  64  4:33  Drone  
  64  4:40  Zerg Melee Weapons Level 1  
  64  4:43  Zergling x8  
  68  4:49  Lair  
  68  4:51  Extractor  
  67  4:53  Roach Warren  
  67  4:56  Drone x3  
  67  4:57  Drone  
  67  4:59  Drone  
  71  5:01  Drone  
  71  5:03  Drone x2  
  74  5:15  Hatchery  
  74  5:16  Drone x5  
  74  5:18  Extractor  
  77  5:22  Overlord, Extractor x2  
  77  5:23  Zergling x6  
  77  5:26  Zergling x4  
  77  5:27  Overlord  
  80  5:30  Overlord  
  80  5:33  Zergling x2, Overlord  
  80  5:35  Overlord  
  80  5:36  Zergling x2  
  80  5:42  Overlord  
  81  5:43  Zergling x2  
  81  5:46  Roach x4  
  81  5:48  Roach  
  88  5:51  Roach  
  88  5:56  Roach  
  91  5:58  Roach x2  
  91  5:59  Zergling x2  
  91  6:02  Zergling x2  
  91  6:03  Zergling x2  
  91  6:05  Zergling x4  
  91  6:08  Zergling x2  
  91  6:10  Zergling x2  
  92  6:14  Zergling x4  
  92  6:17  Zergling x4  
  96  6:25  Drone x3  
  98  6:30  Zergling x2  
  97  6:37  Drone x2  
  95  6:44  Infestation Pit  
  95  6:45  Drone x3  
  95  6:46  Drone  
  95  6:50  Drone x3  
  95  6:51  Drone  
  95  6:52  Drone x2  
  101  7:01  Drone x5  
  105  7:02  Extractor  
  105  7:04  Drone  
  105  7:05  Hydralisk Den  
  105  7:08  Zerg Missile Weapons Level 1  
  104  7:10  Drone  
  104  7:12  Drone  
  104  7:15  Drone x2  
  108  7:20  Zergling x2, Spore Crawler  
  108  7:21  Zergling x8  
  108  7:22  Overlord  
  110  7:26  Hive  
  110  7:28  Glial Reconstitution  
  110  7:33  Drone x5  
  110  7:34  Grooved Spines  
  110  7:36  Drone  
  116  7:38  Extractor  
  116  7:39  Drone, Extractor  
  116  7:40  Drone x6  
  121  7:49  Overlord  
  121  7:51  Lurker Den  
  121  7:53  Zergling x12  
  121  7:55  Overlord  
  121  7:57  Zergling x2  
  127  7:59  Zergling x2  
  127  8:00  Drone  
  129  8:12  Hydralisk x7  
  131  8:13  Hydralisk  
  131  8:14  Hatchery  
  131  8:17  Hydralisk x2  
  147  8:20  Hydralisk, Overseer  
  147  8:22  Hydralisk  
  147  8:24  Hydralisk  
  147  8:26  Overlord  
  152  8:27  Overlord  
  152  8:29  Overlord  
  152  8:32  Overlord  
  152  8:34  Overlord  
  152  8:36  Overlord  
  152  8:40  Overlord  
  149  8:42  Overlord x2  
  149  8:45  Zergling x2  
  149  8:47  Zergling x2  
  149  8:48  Zergling x10  
  144  8:50  Zergling x2  
  144  8:51  Zergling x4  
  144  8:54  Seismic Spines  
  139  8:56  Zergling x2  
  139  8:58  Zergling x2  
  139  8:59  Zergling x2  
  139  9:00  Zergling x6  
  139  9:02  Zergling x4  
  116  9:06  Zergling x4  
  116  9:07  Zergling x2  
  116  9:09  Zergling x2  
  102  9:10  Hydralisk  
  102  9:12  Hydralisk  
  102  9:14  Hydralisk  
  102  9:16  Zergling x2  
  106  9:20  Zergling x2  
  106  9:21  Hydralisk  
  106  9:23  Hydralisk  
  104  9:26  Hydralisk  
  104  9:28  Zergling x2  
  104  9:29  Zergling x2  
  104  9:30  Zergling x2  
  105  9:34  Hydralisk x2  
  105  9:35  Hydralisk x3  
  105  9:38  Hydralisk  
  109  9:40  Hydralisk  
  109  9:42  Lurker x2  
  109  9:45  Hydralisk  
Show
View Real Time Build Order
Export as new Build Order

Classic Protoss - Winner!

Build Orders: 1 Gate Expand, Oracle Opening, Mass Adepts 

Get SALT Encoding   

  12  0:00  Probe  
  13  0:12  Probe  
  14  0:18  Pylon  
  14  0:24  Probe  
  15  0:33  Probe  
  15  0:39  Gateway  
  15  0:41  Probe  
  16  0:46  Assimilator  
  17  0:51  Probe  
  18  1:03  Probe  
  19  1:15  Probe  
  20  1:23  Nexus  
  20  1:33  Cybernetics Core  
  20  1:37  Probe  
  21  1:44  Assimilator  
  21  1:49  Probe  
  21  1:52  Pylon  
  22  2:01  Probe  
  23  2:04  Adept  
  23  2:11  Stargate  
  23  2:15  Probe  
  26  2:23  Warp Gate  
  26  2:26  Probe  
  27  2:32  Probe  
  27  2:34  Probe, Adept  
  30  2:40  Probe  
  30  2:42  Probe  
  31  2:49  Oracle  
  31  2:50  Probe  
  33  2:53  Probe  
  38  3:02  Probe  
  42  3:05  Probe  
  42  3:11  Pylon  
  40  3:14  Probe  
  40  3:17  Probe  
  40  3:18  Oracle, Gateway  
  42  3:22  Gateway  
  42  3:30  Probe  
  42  3:31  Probe  
  47  3:42  Probe  
  47  3:43  Probe  
  49  3:51  Nexus  
  49  3:53  Pylon  
  49  3:56  Probe  
  49  3:57  Probe  
  49  4:00  Assimilator  
  51  4:03  Pylon  
  51  4:11  Adept  
  51  4:12  Adept  
  55  4:17  Adept  
  55  4:18  Probe x2  
  59  4:31  Probe  
  59  4:32  Probe, Adept  
  59  4:34  Adept  
  61  4:38  Assimilator  
  61  4:39  Adept  
  61  4:41  Pylon  
  61  4:44  Probe x2  
  65  4:46  Twilight Council  
  65  4:47  Forge  
  65  4:56  Probe x2  
  65  4:59  Adept x2  
  71  5:00  Adept  
  71  5:07  Probe  
  74  5:09  Shield Battery  
  74  5:11  Probe x2  
  76  5:19  Probe  
  77  5:22  Adept x3  
  83  5:29  Probe x2  
  83  5:31  Protoss Ground Weapons Level 1, Probe  
  83  5:32  Blink  
  85  5:43  Stalker  
  85  5:44  Stalker x2  
  85  5:48  Probe x2  
  85  5:49  Probe  
  93  5:57  Templar Archives  
  93  6:01  Pylon  
  93  6:03  Probe x2  
  89  6:13  Gateway x2  
  89  6:16  Gateway  
  89  6:17  Pylon, Probe  
  89  6:18  Probe x2  
  92  6:22  Pylon  
  92  6:25  Psionic Storm  
  92  6:27  Gateway  
  92  6:28  Gateway  
  92  6:30  Probe x3  
  91  6:33  Assimilator  
  91  6:35  Assimilator  
  87  6:41  Stalker x3  
  85  6:48  Photon Cannon  
  85  6:53  Shield Battery  
  85  6:54  Probe x3  
  88  7:05  High Templar  
  88  7:06  Stalker, High Templar  
  88  7:07  Stalker x2  
  98  7:12  Pylon  
  98  7:13  High Templar  
  100  7:17  Pylon  
  100  7:19  Protoss Ground Weapons Level 2  
  100  7:29  Nexus  
  97  7:30  High Templar  
  97  7:31  Pylon  
  97  7:35  Pylon, Stalker x4  
  107  7:41  Probe x3  
  110  7:44  Charge  
  110  7:50  Photon Cannon  
  110  7:53  Probe x3  
  113  7:59  Stalker x2  
  113  8:00  Stalker  
  119  8:05  Stalker x2  
  119  8:09  Stalker x2  
  127  8:13  Robotics Facility  
  127  8:22  Stalker  
  129  8:29  Stalker x5  
  129  8:34  Pylon  
  139  8:42  Zealot x2  
  139  8:44  Assimilator  
  141  8:50  Assimilator  
  137  8:56  Archon  
  137  8:57  Archon  
  137  8:58  Probe x3  
  137  9:01  High Templar x2, Zealot x2  
  137  9:02  Zealot x4  
  156  9:08  Immortal  
  136  9:23  High Templar x2  
  136  9:24  Zealot x4  
  144  9:38  Stargate  
  144  9:39  Fleet Beacon  
  144  9:42  Pylon  
  144  9:43  High Templar, Zealot  
  146  9:47  Zealot x4  
  150  9:55  Archon  
Tags
 
Add a new tag
Caveats
  • Supply blocks, unpowered buildings, or Contaminate may cause inaccurate times.
  • Supply counts are checked every 10 seconds.